 Dungeon Crawl Stone Soup version 0.30-a0-1016-gfb0d676c02 (webtiles) character file.

Game seed: 2570481559846057180

258 Newt the Shooter (level 6, -1/40 HPs)
             Began as a Kobold Hunter on Apr 6, 2023.
             Hit by a stone thrown by a crimson imp (4 damage)
             ... on level 3 of the Dungeon.
             The game lasted 00:03:39 (3079 turns).

Newt the Shooter (Kobold Hunter)                    Turns: 3079, Time: 00:03:40

Health: -1/40      AC:  3    Str:  8    XL:     6   Next: 40%
Magic:  6/6        EV: 15    Int: 11    God:
Gold:   190        SH:  0    Dex: 20    Spells: 5/5 levels left

rFire   . . .      SeeInvis .    m - +0 dagger
rCold   . . .      Faith    .    (no shield)
rNeg    . . .      Spirit   .    c - +0 leather armour
rPois   .          Reflect  .    (no helmet)
rElec   .          Rampage  .    (no cloak)
rCorr   .                        (no gloves)
Will    .....                    (no boots)
Stlth   +++                      (no amulet)
HPRegen 0.26/turn                (no ring)
MPRegen 0.10/turn                (no ring)

@: no status effects
A: small, no large weapons, nightstalker 3
a: no special abilities


You were on level 3 of the Dungeon.
You visited 1 branch of the dungeon, and saw 4 of its levels.

You collected 190 gold pieces.

Inventory:

Hand Weapons
 a - a +0 shortbow
 m - a +0 dagger (weapon)
Missiles
 h - 3 poisoned darts
Armour
 c - a +0 leather armour (worn)
Scrolls
 b - 2 scrolls of immolation
 d - 3 scrolls of identify {unknown}
 f - a scroll of blinking {unknown}
 i - a scroll of enchant armour {unknown}
 j - a scroll of acquirement {unknown}
 k - a scroll of amnesia {unknown}
 o - a scroll of teleportation {unknown}
Potions
 e - a potion of heal wounds {unknown}
 g - 3 potions of curing {unknown}
 l - a potion of ambrosia {unknown}
 n - 2 potions of haste {unknown}
 p - a potion of brilliance {unknown}
 q - a potion of berserk rage {unknown}
 r - a potion of mutation {unknown}


   Skills:
 - Level 5.0 Fighting
 - Level 5.0 Short Blades
 - Level 5.3 Ranged Weapons
 + Level 3.1 Dodging
 - Level 1.3 Stealth


You had 5 spell levels left.
You didn't know any spells.
Your spell library contained the following spells:

 Spells                   Type           Power      Damage    Failure   Level
 Beastly Appendage        Tmut           0%         N/A       45%         1
 Wereblood                Tmut           0%         N/A       61%         2
 Gell's Gravitas          Tloc           0%         N/A       83%         3
 Spider Form              Tmut/Pois      0%         N/A       83%         3
 Teleport Other           Tloc           0%         N/A       83%         3
 Dispersal                Tloc           0%         N/A       100%        6


Dungeon Overview and Level Annotations

Branches:
Dungeon (4/15)
 Temple: D:4-7

Altars:
Hepliaklqana
Okawaru
Vehumet
Xom

Shops:
D:1 (


Innate Abilities, Weirdness & Mutations

You are small and have problems with some larger weapons.
You are completely attuned to the shadows.


Message History

The crimson imp throws a stone.
The stone hits you but does no damage.
The kobold throws a stone.
The stone closely misses you.
The crimson imp hits you but does no damage.
You hit the crimson imp.
The crimson imp is lightly wounded.
The crimson imp hits you but does no damage.
You hit the kobold but do no damage.
You hit the crimson imp but do no damage.
The kobold hits you with a +0 dagger. The crimson imp hits you.
You closely miss the crimson imp. You hit the kobold.
You kill the kobold!
The crimson imp hits you.
You barely miss the crimson imp.
The crimson imp blinks!
The kobold brigand hits you with a +0 club.
* * * LOW HITPOINT WARNING * * *
The crimson imp blinks!
You hit the kobold brigand.
The kobold brigand is moderately wounded.
The kobold brigand barely misses you.
You miss the kobold brigand.
The kobold brigand is moderately wounded.
You hit the kobold brigand.
The kobold brigand is heavily wounded.
The kobold brigand closely misses you.
You hit the kobold brigand.
The kobold brigand is heavily wounded.
The kobold brigand closely misses you.
You closely miss the kobold brigand.
The kobold brigand is heavily wounded.
You hit the kobold brigand.
The kobold brigand is heavily wounded.
The kobold brigand hits you with a +0 club!
* * * LOW HITPOINT WARNING * * *
You hit the kobold brigand but do no damage.
The kobold brigand is heavily wounded.
The kobold brigand hits you with a +0 club.
* * * LOW HITPOINT WARNING * * *
The crimson imp throws a stone.
The stone hits you.
You die...

#.##.....÷..................†
#.##.......#.).).#..###.###.#
#..'......##.._..##.....# #..
####.......#.).).#...#######.
#........)........# #..'.
#####...[.###5..### ####<
####...#...## #. #######
##.)...#### #.
###).).K#####@##..##.# #.
####)...........K##..##.########.
....K.#####..........##..........
..K.###≈≈≈#####..........####.###
#####~≈~≈~≈~ #..........# #.#..
~~~~~~~ #......>...# #.###
##..........# #.#..
#####...........####.###
#.......................


You could see a kobold brigand and a crimson imp.

Vanquished Creatures
  2 crimson imps
  2 orc priests (D:3)
  An orc wizard (D:3)
  3 adders
  2 dart slugs (D:2)
  9 orcs
  5 endoplasms
  A giant cockroach (D:2)
  5 goblins
  4 hobgoblins
  8 kobolds
  A quokka (D:3)
  8 ball pythons
  8 bats
  9 frilled lizards
  5 rats
73 creatures vanquished.

Vanquished Creatures (others)
  2 plants (D:1)
2 creatures vanquished.

Grand Total: 75 creatures vanquished

Notes
Turn   | Place    | Note
-------+----------+-------------------------------------------
     0 | D:1      | Newt the Kobold Hunter began the quest for the Orb.
     0 | D:1      | Reached XP level 1. HP: 12/12 MP: 1/1
   245 | D:1      | Reached XP level 2. HP: 18/18 MP: 2/2
   945 | D:1      | Reached XP level 3. HP: 23/23 MP: 3/3
  1009 | D:1      | Found Uromnog's Antique Weapon Shoppe.
  1925 | D:3      | Reached XP level 4. HP: 27/30 MP: 4/4
  1990 | D:3      | Found an iron altar of Okawaru.
  2057 | D:3      | Found a shimmering altar of Xom.
  2133 | D:4      | Reached skill level 5 in Fighting
  2133 | D:4      | Reached skill level 1 in Short Blades
  2133 | D:4      | Reached XP level 5. HP: 14/35 MP: 5/5
  2727 | D:3      | Reached XP level 6. HP: 16/40 MP: 6/6
  2817 | D:3      | Reached skill level 5 in Short Blades
  2916 | D:3      | Found a radiant altar of Vehumet.
  2917 | D:3      | Found a hazy altar of Hepliaklqana.
  3079 | D:3      | Hit by a stone thrown by a crimson imp

Illustrated notes

Levels and vault maps discovered:
D:1:      dpeg_arrival_ternary, layout_loops_ring, serial_shops,
          nicolae_shop_overgrown_old_shop, nicolae_figureground_sparkle
D:2:      layout_loops_ring
D:3:      cheibrodos_thug_alley, layout_basic, minitemple, led_xom_imps,
          okawaru_ov_weapons_minmay
D:4:      layout_loops_ring, lemuel_tele_altar, minmay_misc_feat_ornament

Skill      XL: |  1  2  3  4  5  6 |
---------------+-------------------+-----
Fighting       | 3 4 5 |  5.0
Short Blades   | 1 4 5 |  5.0
Dodging        | 3 |  3.1
Ranged Weapons | |  5.3
Stealth        | |  1.3

Action                     |  1- 3 |  4- 6 || total
---------------------------+-------+-------++-------
  Melee: Shortbow          |       |     1 ||     1
         Dagger            |       |    45 ||    45
   Fire: Shortbow          |    86 |   118 ||   204
   Stab: Sleeping          |       |     2 ||     2
 Armour: Leather armour    |     7 |    24 ||    31
  Dodge: Dodged            |    17 |   103 ||   120

Table legend: (Time is in decaauts)
 A = Elapsed time spent in this place.
 B = Non-inter-level travel time spent in this place.
 C = Inter-level travel time spent in this place.
 D = Time resting spent in this place.
 E = Time spent auto-exploring this place.
 F = Levels seen in this place.
 G = Mean time per level.
                   A        B        C        D        E       F      G
               +--------+--------+--------+--------+--------+-----+--------+
         Total |   3126 |   3049 |     77 |    553 |   1990 |   4 |  781.5 |
       Dungeon |   3126 |   3049 |     77 |    553 |   1990 |   4 |  781.5 |
               +--------+--------+--------+--------+--------+-----+--------+

Top non-repeatable levels by time:
     D:1: 1155 daAuts
     D:3: 813 daAuts
     D:2: 782 daAuts
     D:4: 375 daAuts
